 Dungeon Crawl Stone Soup version 0.29.1-1-gd02db6906a (webtiles) character file.

Game seed: 5868614893333661765

54128 sleeves the Severer (level 15, -21/127 HPs)
             Began as a Meteoran Gladiator on Sept 28, 2022.
             Was the Champion of Okawaru.
             Killed from afar by a will-o-the-wisp (22 damage)
             ... with a foxfire
             ... on level 3 of the Swamp.
             The game lasted 01:03:08 (9347 turns).

sleeves the Severer (Meteoran Gladiator)            Turns: 9347, Time: 01:03:09

Health: -21/127    AC: 21    Str: 21    XL:     15   Next: 53%
Magic:  21/23      EV: 20    Int: 11    God:    Okawaru [******]
Gold:   890        SH: 15    Dex: 21    Spells: 14/14 levels left

rFire   . . .      SeeInvis .   N - +2 broad axe (flame)
rCold   . . .      Faith    .   S - +0 kite shield
rNeg    . . .      Spirit   .   l - +0 steam dragon scales
rPois   +          Reflect  .   K - +2 hat of Divine Compulsion {god gift, +Blink Will+}
rElec   .          Harm     .   P - +2 cloak {Will+} {god gift}
rCorr   .          Rampage  .   (no gloves)
Will    +++..                   a - +2 pair of boots
Stlth   ++........              (no amulet)
HPRegen 0.31/turn               g - +4 ring of protection
MPRegen 0.18/turn               U - ring of Copludd {rPois Dex+3}

@: heroic, marked, hasted, glowing, very quick
A: sense surroundings 2, otherworldly, glowing, explore regen
a: Renounce Religion, Evoke Blink, Heroism, Finesse, Duel


You were on level 3 of the Swamp.
You worshipped Okawaru.
Okawaru was exalted by your worship.
You visited 5 branches of the dungeon, and saw 21 of its levels.
You also visited: Sewer.

You collected 890 gold pieces.

Inventory:

Hand Weapons
 E - a +2 dagger of venom
   (You took it off a kobold on level 9 of the Dungeon)
 J - a +2 scimitar of flaming
   (You took it off Erica on level 8 of the Dungeon)
 N - a +2 broad axe of flaming (weapon)
   (You took it off Maggie on level 1 of the Lair of Beasts)
Missiles
 e - 3 javelins
 v - a curare-tipped dart
 z - 4 silver javelins {god gift}
 G - 4 boomerangs (quivered)
 T - 2 atropa-tipped darts {god gift}
Armour
 a - a +2 pair of boots (worn)
   (You found it on level 1 of the Lair of Beasts)
 l - +0 steam dragon scales (worn)
   (You found it on level 8 of the Dungeon)
 K - the +2 hat of Divine Compulsion (worn) {god gift, +Blink Will+}
   (Okawaru gifted it to you on level 4 of the Swamp)

   +Blink:    It lets you blink.
   Will:      It increases your willpower.
 P - a +2 cloak of willpower (worn) {god gift}
   (Okawaru gifted it to you on level 1 of the Lair of Beasts)
 S - a +0 kite shield (worn)
   (You found it on level 2 of the Lair of Beasts)
 Z - the +3 warlock's mirror {god gift, reflect}
   (Okawaru gifted it to you on level 2 of the Swamp)

   It can block and reflect piercing ranged attacks and magical attacks against
   the wielder's willpower.
Magical Staves
 R - a staff of death
   (You found it on level 1 of the Lair of Beasts)
Jewellery
 g - a +4 ring of protection (left hand)
   (You found it on level 1 of the Dungeon)
 h - a ring of poison resistance
   (You found it on level 3 of the Swamp)
 i - a +4 ring of evasion
   (You found it on level 1 of the Dungeon)
 D - a ring of protection from cold
   (You found it on level 5 of the Dungeon)
 O - a +4 ring of protection
   (You found it on level 1 of the Lair of Beasts)
 U - the ring of Copludd (right hand) {rPois Dex+3}
   (You found it on level 3 of the Lair of Beasts)

   [ring of poison resistance]

   Dex:       It affects your dexterity (+3).
   rPois:     It protects you from poison.
 X - a +6 ring of intelligence
   (You found it on level 5 of the Lair of Beasts)
Wands
 A - a wand of iceblast (21)
   (You found it on level 3 of the Dungeon)
 F - a wand of acid (10)
   (You found it on level 4 of the Swamp)
 H - a wand of paralysis (1)
   (You found it on level 9 of the Dungeon)
 V - a wand of flame (31)
   (You found it on level 4 of the Lair of Beasts)
 W - a wand of mindburst (4)
   (You found it on level 4 of the Lair of Beasts)
 Y - a wand of digging (2)
   (You found it on level 2 of the Lair of Beasts)
Scrolls
 b - 2 scrolls of fog
 d - 2 scrolls of silence
 f - a scroll of magic mapping {unknown}
 n - 2 scrolls of vulnerability
 o - 6 scrolls of teleportation
 p - 2 scrolls of immolation
 t - a scroll of acquirement {unknown}
 y - 4 scrolls of poison
 M - 5 scrolls of enchant armour
Potions
 j - 4 potions of heal wounds
 k - 5 potions of flight
 m - 2 potions of degeneration {unknown}
 q - 3 potions of resistance
 r - 3 potions of mutation
 s - 4 potions of brilliance
 w - 6 potions of curing
 x - a potion of haste
 B - 2 potions of berserk rage {unknown}
 C - 3 potions of lignification {unknown}
 I - 3 potions of cancellation {unknown}
 L - a potion of attraction {unknown}
 Q - a potion of might
Miscellaneous
 c - a phantom mirror
   (You found it on level 2 of the Swamp)


   Skills:
 - Level 10.3(15.3) Fighting
 + Level 16.7(21.7) Axes
 + Level 14.5(19.5) Throwing
 - Level 10.7(15.7) Armour
 - Level 7.0(12.0) Dodging
 - Level 10.2(15.2) Shields
 + Level 10.1 Invocations


You had 14 spell levels left.
You didn't know any spells.
Your spell library contained the following spells:

 Spells                   Type           Power      Damage    Failure   Level
 Beastly Appendage        Tmut           0%         N/A       52%         1
 Magic Dart               Conj           0%         1d3       52%         1
 Necrotise                Necr           0%         1d4       52%         1
 Slow                     Hex            0%         N/A       52%         1
 Sublimation of Blood     Necr           0%         N/A       67%         2
 Wereblood                Tmut           0%         N/A       67%         2
 Confusing Touch          Hex            0%         N/A       88%         3
 Ignite Poison            Fire/Tmut/Pois 0%         N/A       88%         3
 Mephitic Cloud           Conj/Pois/Air  0%         N/A       88%         3
 Spider Form              Tmut/Pois      0%         N/A       88%         3
 Vampiric Draining        Necr           0%         2d6       88%         3
 Petrify                  Tmut/Erth      0%         N/A       99%         4
 Agony                    Necr           0%         N/A       100%        5
 Blade Hands              Tmut           0%         N/A       100%        5
 Freezing Cloud           Conj/Ice/Air   0%         6-21      100%        5
 Irradiate                Conj/Tmut      0%         3d11      100%        5
 Dragon Form              Tmut           0%         N/A       100%        7
 Call Imp                 Summ           Unusable   N/A       N/A         2

Dungeon Overview and Level Annotations

Branches:
Dungeon (10/15) Zot: 850   Temple (1/1) D:4 Zot: 521    Lair (5/5) D:8 Zot: 703
  Swamp (4/4) Lair:2 Zot: 865   Snake (1/4) Lair:2 Zot: 509   Slime (0/5) Lair:4
  Sewer (visited)
    Orc: D:9-12

Altars:
Ashenzari
Cheibriados
Elyvilon
Fedhas
Gozag
Hepliaklqana
Kikubaaqudgha
Makhleb
Nemelex Xobeh
Okawaru
Qazlal
Ru
Sif Muna
Trog
Uskayaw
Vehumet
Wu Jian
Xom
Yredelemnul
Zin
The Shining One
Jiyva

Shops:
Snake:1 (=*[

Annotations:
D:6 1 runed translucent door, Iamsock's ghost, novice GnWn
Lair:1 2 transporters, hawkwood's ghost, journeyman MiAr
Swamp:2 exclusion: upstairs


Innate Abilities, Weirdness & Mutations

You passively map the area around you.
You are easily found by Zot.
You glow in the dark.
You regain HP and MP as you explore.


Message History

Throw: 6 boomerangs
Press: ? - help, Q - select action, (/) - cycle Shift-Dir - straight line, f/p - eight-headed hydra
Aim: an eight-headed hydra (heavily wounded, 85% to hit)
You throw a boomerang.
The boomerang hits the eight-headed hydra!!
The eight-headed hydra is almost dead.
Throw: 6 boomerangs
Press: ? - help, Q - select action, (/) - cycle Shift-Dir - straight line, f/p - eight-headed hydra
Aim: an eight-headed hydra (almost dead, 85% to hit)
You throw a boomerang.
The boomerang barely misses the eight-headed hydra.
The boomerang barely misses the bunyip.
Throw: 6 boomerangs
Press: ? - help, Q - select action, (/) - cycle Shift-Dir - straight line, f/p - eight-headed hydra
Aim: an eight-headed hydra (almost dead, 85% to hit)
You throw a boomerang.
The boomerang hits the eight-headed hydra!
You kill the eight-headed hydra!
Okawaru accepts your kill.
Your hands slow down.
Your Shields skill increases to level 10!
Throw: 6 boomerangs
Press: ? - help, Q - select action, (/) - cycle Shift-Dir - straight line, f - bunyip
Aim: a bunyip (heavily wounded, 72% to hit)
You throw a boomerang.
The boomerang hits the bunyip but does no damage.
The bunyip is heavily wounded.
Throw: 6 boomerangs
Press: ? - help, Q - select action, (/) - cycle Shift-Dir - straight line, f/p - bunyip
Aim: a bunyip (heavily wounded, 72% to hit)
You throw a boomerang. The boomerang hits the bunyip!
The bunyip is severely wounded.
Throw: 6 boomerangs
Press: ? - help, Q - select action, (/) - cycle Shift-Dir - straight line, f/p - bunyip
Aim: a bunyip (heavily wounded, 72% to hit)
You throw a boomerang. The boomerang hits the bunyip!
The bunyip is severely wounded.
The bunyip barely misses you. You block the bunyip's attack.
The bunyip claws you!!
* * * LOW HITPOINT WARNING * * *
You barely miss the bunyip.
The bunyip is severely wounded.
You hit the bunyip. You burn the bunyip.
The bunyip is severely wounded.
You slash the bunyip! You burn the bunyip.
The bunyip is almost dead.
The bunyip completely misses you.
The bunyip claws you but does no damage.
You block the bunyip's attack.
You slash the bunyip! You burn the bunyip.
You kill the bunyip!
Okawaru is honoured by your kill.
You see here a bunyip corpse.
o - 6 scrolls of teleportation (gained 1)
You see here a +0 quarterstaff.
You are starting to lose your buoyancy.
s - 4 potions of brilliance (gained 1)
You float gracefully downwards.
You enter the shallow water.
Moving in this stuff is going to be slow.
You enter the shallow water.
Moving in this stuff is going to be slow.
Found a stone staircase leading up.
Found a stone staircase leading up.
You enter the shallow water.
Moving in this stuff is going to be slow.
There is a stone staircase leading up here.
You climb upwards.
HP restored.
The vampire mosquito buzzes angrily.
There is a stone staircase leading down here.
You climb downwards.
There is a stone staircase leading up here.
You enter the shallow water.
Moving in this stuff is going to be slow.
There is a stone staircase leading up here.
You climb upwards.
The spriggan druid shouts!
The bunyip gives a hideous shriek!
You hear a shout!
You block the bunyip's attack. The bunyip claws you!
You block the bunyip's attack. You block the spriggan druid's attack.
An eleionoma comes into view.
Found an escape hatch in the floor.
There is a stone staircase leading down, spattered with blood here.
The spriggan druid calls out to the beasts of the wild!
The alligator barely misses you. You block the alligator's attack.
You climb downwards.
There is a stone staircase leading up here.
You miss the spriggan druid.
The spriggan druid hits you with a +0 quarterstaff.
You hit the spriggan druid. You burn the spriggan druid.
The spriggan druid is lightly wounded.
The spriggan druid gestures at you while chanting.
You block the stone arrow.
You completely miss the spriggan druid.
The spriggan druid is lightly wounded.
You block the spriggan druid's attack.
You barely miss the spriggan druid.
The spriggan druid is lightly wounded.
The spriggan druid hits you with a +0 quarterstaff!
You slice the spriggan druid!! You burn the spriggan druid.
The spriggan druid is almost dead.
The spriggan druid mumbles some strange words.
The forest starts to sway and rumble!
You slash the spriggan druid! You burn the spriggan druid.
You kill the spriggan druid!
Okawaru accepts your kill.
You hear a splash. x2
The forest abruptly stops moving.
You enter the shallow water.
Moving in this stuff is going to be slow.
Things that are here:
a +0 quarterstaff; a +0 robe; a spriggan corpse You enter the shallow water.
Moving in this stuff is going to be slow.
You enter the shallow water.
Moving in this stuff is going to be slow.
Found a quarterstaff.
You enter the shallow water.
Moving in this stuff is going to be slow.
Found a glowing glaive.
You enter the shallow water.
Moving in this stuff is going to be slow.
You now have 801 gold pieces (gained 12).
Things that are here:
a +0 buckler; a +0 robe; a +0 rapier You enter the shallow water.
Moving in this stuff is going to be slow.
Found a stone.
You enter the shallow water.
Moving in this stuff is going to be slow.
Found a staff of death.
You enter the shallow water.
Moving in this stuff is going to be slow.
Unknown command.
Unknown command.
You enter the shallow water.
Moving in this stuff is going to be slow.
There is a stone staircase leading down here.
You climb downwards.
There is a stone staircase leading up here.
You enter the shallow water.
Moving in this stuff is going to be slow.
An eleionoma comes into view.
Found a stone staircase leading down.
The eleionoma shouts!
You see here a wand of paralysis (3).
H - a wand of paralysis (4) (gained 3 charges)
Found 23 gold pieces.
Throw: 6 boomerangs
Press: ? - help, Q - select action, (/) - cycle Shift-Dir - straight line, f - eleionoma
Aim: an eleionoma (72% to hit)
You throw a boomerang.
The boomerang hits the eleionoma but does no damage.
Throw: 6 boomerangs
Press: ? - help, Q - select action, (/) - cycle Shift-Dir - straight line, f/p - eleionoma
Aim: an eleionoma (72% to hit)
You throw a boomerang. The boomerang hits the eleionoma!
The eleionoma is lightly wounded.
The eleionoma flows through the trees.
You hit the eleionoma. You burn the eleionoma.
The eleionoma is moderately wounded.
The eleionoma barely misses you.
You enter the shallow water.
Moving in this stuff is going to be slow.
The eleionoma hurls a spray of splinters at you.
The spray of wooden splinters hits you.
The eleionoma flows through the trees.
A tyrant leech comes into view.
The eleionoma flows through the trees.
The eleionoma hurls a spray of splinters at you.
The spray of wooden splinters hits you! The eleionoma attacks as you move away!
The eleionoma closely misses you. The goliath frog hits you from afar.
The acid corrodes you!
You are splashed with acid!
Aiming: Paralyse
Press: ? - help, Shift-Dir - straight line, f - goliath frog, p - eleionoma
Aim: a goliath frog (chance to affect: 17%)
Okay, then.
Okay, then.
Press: ? - help, v - describe, . - travel
Here: a goliath frog Some shallow water.
Really read the scroll of vulnerability?
As you read the scroll of vulnerability, it crumbles to dust.
Magic quickly surges around you.
The eleionoma hurls a spray of splinters at you.
The spray of wooden splinters hits you!!
The goliath frog barely misses you.
Aiming: Paralyse
Press: ? - help, Shift-Dir - straight line, f - goliath frog, p - eleionoma
Aim: a goliath frog (weak-willed, chance to affect: 39%)
The goliath frog resists with some effort.
The eleionoma hits you. You block the goliath frog's attack.
You gain the combat prowess of a mighty hero.
The goliath frog hits you from afar.
You are splashed with acid!
The eleionoma splashes around in the water.
Aiming: Paralyse
Press: ? - help, Shift-Dir - straight line, f/p - goliath frog
Aim: a goliath frog (thin mist, weak-willed, chance to affect: 39%)
The goliath frog resists with some effort.
You block the goliath frog's attack. You block the eleionoma's attack.
The goliath frog misses you.
Aiming: Paralyse
Press: ? - help, Shift-Dir - straight line, f/p - goliath frog
Aim: a goliath frog (thin mist, weak-willed, chance to affect: 39%)
The goliath frog suddenly stops moving!
The eleionoma hits you!
You feel very buoyant.
You fly up into the air.
The eleionoma hurls a spray of splinters at you.
The spray of wooden splinters hits you!
* * * LOW HITPOINT WARNING * * *
The eleionoma splashes around in the water.
The helpless goliath frog fails to defend itself.
You open the goliath frog like a pillowcase!!!
You burn the goliath frog!!
You kill the goliath frog!
Okawaru accepts your kill.
You barely miss the eleionoma.
The eleionoma hurls a spray of splinters at you.
The spray of wooden splinters hits you!!
* * * LOW HITPOINT WARNING * * *
Press: ? - help, v - describe, . - travel
Here: an eleionoma (lightly wounded, weak-willed) Some shallow water.
Unknown command.
As you read the scroll of fear, it crumbles to dust.
You assume a fearsome visage.
The eleionoma resists with some effort.
The eleionoma completely misses you.
Okay, then.
As you read the scroll of fear, it crumbles to dust.
You assume a fearsome visage.
The eleionoma looks frightened!
There is a stone staircase leading up here.
You fly upwards.
Level annotation: exclusion: upstairs The spriggan druid shouts!
The five-headed hydra roars!
The spriggan druid drinks a potion.
The spriggan druid's spells are empowered!
Found 19 gold pieces.
There is a stone staircase leading down here.
You slash the swamp worm! You burn the swamp worm.
The swamp worm is heavily wounded.
The swamp worm bites you but does no damage.
You barely miss the five-headed hydra. You closely miss the swamp worm.
You are no longer corroded.
You block the five-headed hydra's attack.
The five-headed hydra closely misses you.
The five-headed hydra bites you but does no damage.
You block the five-headed hydra's attack. x2
The swamp worm bites you!
* * * LOW HITPOINT WARNING * * *
You lop one of the five-headed hydra's heads off!
The flame cauterises the wound!
You slice the four-headed hydra!! You burn the four-headed hydra.
The four-headed hydra is heavily wounded.
You hit the swamp worm but do no damage.
The four-headed hydra misses you.
You block the four-headed hydra's attack.
The four-headed hydra misses you.
You block the four-headed hydra's attack.
The swamp worm closely misses you.
You lop one of the four-headed hydra's heads off!
The flame cauterises the wound!
You slice the three-headed hydra!! You burn the three-headed hydra.
The three-headed hydra is almost dead.
You hit the swamp worm. You burn the swamp worm.
The three-headed hydra misses you.
You block the three-headed hydra's attack. x2
The swamp worm bites you but does no damage.
You chop one of the three-headed hydra's heads off!
The flame cauterises the wound!
You slash the two-headed hydra! You burn the two-headed hydra.
You kill the two-headed hydra!
Okawaru accepts your kill.
You hit the swamp worm. You burn the swamp worm.
The spriggan druid points at you and mumbles some strange words.
You block the stone arrow. The swamp worm misses you.
You slash the swamp worm! You burn the swamp worm!
You kill the swamp worm!
Okawaru accepts your kill.
Throw: 6 boomerangs
Press: ? - help, Q - select action, (/) - cycle Shift-Dir - straight line, f - spriggan druid
Aim: a spriggan druid, wielding a +0 quarterstaff and wearing a +0 robe (spells empowered, 57% to hit)
You throw a boomerang. The boomerang hits the spriggan druid!
The spriggan druid is lightly wounded.
The spriggan druid gestures at you while chanting.
You block the stone arrow.
Throw: 6 boomerangs
Press: ? - help, Q - select action, (/) - cycle Shift-Dir - straight line, f/p - spriggan druid
Aim: a spriggan druid, wielding a +0 quarterstaff and wearing a +0 robe (lightly wounded, spells empowered, 57% to hit)
You throw a boomerang. The boomerang hits the spriggan druid!
The spriggan druid is heavily wounded.
Throw: 6 boomerangs
Press: ? - help, Q - select action, (/) - cycle Shift-Dir - straight line, f/p - spriggan druid
Aim: a spriggan druid, wielding a +0 quarterstaff and wearing a +0 robe (heavily wounded, spells empowered, 57% to hit)
You throw a boomerang. The boomerang hits the spriggan druid!
The spriggan druid is severely wounded.
You slash the spriggan druid! You burn the spriggan druid.
The spriggan druid is almost dead.
The spriggan druid gestures at you while chanting.
The stone arrow misses you.
You slice the spriggan druid!! You burn the spriggan druid.
You kill the spriggan druid!
Okawaru accepts your kill.
You hear a splash. x3
There is a stone staircase leading down here.
You feel like a meek peon again.
You are starting to lose your buoyancy.
You now have 820 gold pieces (gained 19).
You feel your willpower return.
Found a wand of iceblast (8).
You float gracefully downwards.
Found a phantom mirror.
You enter the shallow water.
Moving in this stuff is going to be slow.
A - a wand of iceblast (21) (gained 8 charges)
You enter the shallow water.
Moving in this stuff is going to be slow.
You see here a phantom mirror.
c - a phantom mirror You enter the shallow water.
Moving in this stuff is going to be slow.
You enter the shallow water.
Moving in this stuff is going to be slow.
You enter the shallow water.
Moving in this stuff is going to be slow.
There is a stone staircase leading down here.
You climb downwards.
There is a stone staircase leading up here.
Throw: 6 boomerangs
Press: ? - help, Q - select action, (/) - cycle Shift-Dir - straight line, f - eleionoma
Aim: an eleionoma (72% to hit)
You throw a boomerang. The boomerang hits the eleionoma!
The eleionoma is lightly wounded.
The eleionoma flows through the trees.
The eleionoma hits you.
You slice the eleionoma!! You burn the eleionoma.
The eleionoma is moderately wounded.
You block the eleionoma's attack.
You slash the eleionoma! You burn the eleionoma.
The eleionoma is heavily wounded.
The eleionoma hurls a spray of splinters at you.
The spray of wooden splinters hits you!
You slice the eleionoma!! You burn the eleionoma.
The eleionoma is almost dead.
The eleionoma hits you!
You slash the eleionoma! You burn the eleionoma.
You kill the eleionoma!
Okawaru accepts your kill.
An eleionoma bone magically twists into a wand of flame (24).
Your Throwing skill increases to level 14!
Throw: 6 boomerangs
Press: ? - help, Q - select action, (/) - cycle Shift-Dir - straight line, f - tyrant leech
Aim: a tyrant leech (60% to hit)
You throw a boomerang. The boomerang hits the tyrant leech.
The tyrant leech is lightly wounded.
Throw: 6 boomerangs
Press: ? - help, Q - select action, (/) - cycle Shift-Dir - straight line, f/p - tyrant leech
Aim: a tyrant leech (lightly wounded, 60% to hit)
You throw a boomerang. The boomerang misses the tyrant leech.
The tyrant leech closely misses you.
You miss the tyrant leech.
The tyrant leech is lightly wounded.
You slice the tyrant leech!! You burn the tyrant leech!
The tyrant leech is severely wounded.
The tyrant leech bites you!
The tyrant leech draws strength from your injuries!
You barely miss the tyrant leech.
The tyrant leech is severely wounded.
The tyrant leech bites you!!
The tyrant leech draws strength from your injuries!
You barely miss the tyrant leech.
The tyrant leech is heavily wounded.
You closely miss the tyrant leech.
The tyrant leech is heavily wounded.
The tyrant leech bites you!
* * * LOW HITPOINT WARNING * * *
The tyrant leech draws strength from your injuries!
Aiming: Paralyse
Press: ? - help, Shift-Dir - straight line, f/p - tyrant leech
Aim: a tyrant leech (moderately wounded, chance to affect: 31%)
Okay, then.
You gain the combat prowess of a mighty hero.
You block the tyrant leech's attack.
You slice the tyrant leech!! You burn the tyrant leech!
The tyrant leech is almost dead.
You block the tyrant leech's attack.
You miss the tyrant leech.
The tyrant leech is almost dead.
You barely miss the tyrant leech.
The tyrant leech is almost dead.
The tyrant leech bites you!
* * * LOW HITPOINT WARNING * * *
The tyrant leech draws strength from your injuries!
You hit the tyrant leech. You burn the tyrant leech.
The tyrant leech is severely wounded.
You slash the tyrant leech! You burn the tyrant leech.
You kill the tyrant leech!
Okawaru accepts your kill.
V - a wand of flame (31) (gained 24 charges)
You see here an eleionoma corpse.
w - 6 potions of curing (gained 1)
There is a stone staircase leading up here.
You enter the shallow water.
Moving in this stuff is going to be slow.
You enter the shallow water.
Moving in this stuff is going to be slow.
You now have 833 gold pieces (gained 13).
You now have 856 gold pieces (gained 23).
Found a book of Transfigurations.
You enter the shallow water.
Moving in this stuff is going to be slow.
Found a scroll of poison.
You feel like a meek peon again.
Found 5 stones.
You pick up a book of Transfigurations and begin reading...
You add the spells Blade Hands and Dragon Form to your library.
You enter the shallow water.
Moving in this stuff is going to be slow.
Found a blackened copper ring.
y - 4 scrolls of poison (gained 1)
You enter the shallow water.
Moving in this stuff is going to be slow.
You enter the shallow water.
Moving in this stuff is going to be slow.
h - a ring of poison resistance You enter the shallow water.
Moving in this stuff is going to be slow.
You enter the shallow water.
Moving in this stuff is going to be slow.
An alligator comes into view.
The alligator puts on a burst of speed!
You block the alligator's attack. The alligator completely misses you.
You slash the alligator! You burn the alligator.
The alligator is moderately wounded.
You block the alligator's attack. The alligator tail-slaps you.
You hit the alligator but do no damage.
The alligator is moderately wounded.
You block the alligator's attack.
The alligator tail-slaps you but does no damage.
You slash the alligator! You burn the alligator.
The alligator is moderately wounded.
You block the alligator's attack. The alligator barely misses you.
You slice the alligator!! You burn the alligator!
The alligator is severely wounded.
You block the alligator's attack. The alligator barely misses you.
You closely miss the alligator.
The alligator is severely wounded.
You block the alligator's attack.
The alligator tail-slaps you but does no damage.
You slash the alligator! You burn the alligator.
You kill the alligator!
Okawaru accepts your kill.
You enter the shallow water.
Moving in this stuff is going to be slow.
You enter the shallow water.
Moving in this stuff is going to be slow.
You enter the shallow water.
Moving in this stuff is going to be slow.
You enter the shallow water.
Moving in this stuff is going to be slow.
You enter the shallow water.
Moving in this stuff is going to be slow.
You enter the shallow water.
Moving in this stuff is going to be slow.
There is an escape hatch in the floor here.
You enter the shallow water.
Moving in this stuff is going to be slow.
v - a curare-tipped dart
q - 3 potions of resistance (gained 1)
You now have 878 gold pieces (gained 22).
There is a stone staircase leading down here.
You climb downwards.
Found a robe.
There is a stone staircase leading up here.
You throw a boomerang.
The boomerang hits the tyrant leech but does no damage.
You throw a boomerang. The boomerang misses the tyrant leech.
You throw a boomerang.
The boomerang closely misses the tyrant leech.
The swamp worm fires a harpoon shot at you.
The harpoon shot hits you but does no damage.
An alligator comes into view.
You throw a boomerang. The boomerang hits the tyrant leech!
The tyrant leech is moderately wounded.
A spriggan druid comes into view. It is wielding a +0 quarterstaff.
You throw a boomerang. The spriggan druid shouts!
The boomerang hits the tyrant leech!!
The tyrant leech is severely wounded.
You hit the tyrant leech. You burn the tyrant leech.
The tyrant leech is severely wounded.
The spriggan druid calls out to the beasts of the wild!
The tyrant leech bites you!
The tyrant leech draws strength from your injuries!
A swamp drake comes into view.
You hit the tyrant leech but do no damage.
The tyrant leech is severely wounded.
A five-headed hydra comes into view.
The swamp drake breathes poison at you.
You slice the tyrant leech!! You burn the tyrant leech!
You kill the tyrant leech!
Okawaru accepts your kill.
The swamp worm fires a harpoon shot at you.
The harpoon shot hits you but does no damage.
You slash the alligator! You burn the alligator.
The alligator is lightly wounded.
You block the alligator's attack. The alligator closely misses you.
You barely miss the alligator.
The alligator is lightly wounded.
You hit the swamp worm but do no damage.
You block the alligator's attack. The alligator closely misses you.
You block the swamp worm's attack.
You gain the combat prowess of a mighty hero.
The alligator completely misses you.
The alligator tail-slaps you but does no damage.
The swamp worm completely misses you.
The spriggan druid calls out to the beasts of the wild!
You block the alligator's attack. The alligator misses you.
You slash the alligator! You burn the alligator.
The alligator is moderately wounded.
You hack one of the five-headed hydra's heads off!
The flame cauterises the wound!
You slice the four-headed hydra!! You burn the four-headed hydra.
You slash the swamp worm! You burn the swamp worm. The swamp worm misses you.
You block the alligator's attack. The alligator closely misses you.
The four-headed hydra bites you but does no damage.
The four-headed hydra completely misses you.
The four-headed hydra barely misses you.
The four-headed hydra closely misses you.
You barely miss the swamp worm.
The swamp worm is heavily wounded.
You hit the alligator but do no damage.
You hack one of the four-headed hydra's heads off!
The flame cauterises the wound!
You slash the three-headed hydra! You burn the three-headed hydra.
The swamp worm completely misses you.
A swamp drake comes into view. x2
You hit the three-headed hydra. You burn the three-headed hydra.
The three-headed hydra is heavily wounded.
You hit the swamp worm but do no damage.
You hit the alligator. You burn the alligator. The alligator bites you!
The alligator misses you.
You block the three-headed hydra's attack.
The three-headed hydra barely misses you.
The three-headed hydra bites you! The swamp worm bites you.
The spriggan druid points at you and mumbles some strange words.
The stone arrow hits you! The swamp drake breathes poison at you.
You are too injured to fight recklessly!
You chop one of the three-headed hydra's heads off!
The flame cauterises the wound!
You slice the two-headed hydra!! You burn the two-headed hydra!
You kill the two-headed hydra!
Okawaru accepts your kill.
You closely miss the alligator. You slash the spriggan druid!
You burn the spriggan druid. You slice the swamp worm!!
You burn the swamp worm.
You kill the swamp worm!
Okawaru accepts your kill.
You slash the swamp drake! You burn the swamp drake.
The alligator is engulfed in noxious fumes.
You block the alligator's attack. The alligator completely misses you.
You slash the alligator! You burn the alligator.
The alligator is severely wounded.
You miss the spriggan druid. You slash the swamp drake!
You burn the swamp drake. You block the swamp drake's attack.
The spriggan druid is engulfed in noxious fumes.
The spriggan druid hits you but does no damage.
The alligator is engulfed in noxious fumes.
The alligator appears confused.
The alligator bites the spriggan druid!!
With its final breath, the spriggan druid offers up its power to the beasts of the wild!
The alligator is healed.
The swamp drake is healed.
The swamp drake seems to grow more fierce.
The alligator seems to grow more fierce.
The swamp drake seems to grow more fierce. x2
The spriggan druid dies!
You slash the alligator! You burn the alligator.
The alligator is heavily wounded.
You hit the swamp drake. You burn the swamp drake.
The alligator is engulfed in noxious fumes.
The swamp drake misses you. The swamp drake breathes poison at you.
The alligator is engulfed in noxious fumes.
You slash the swamp drake! You burn the swamp drake.
The swamp drake is severely wounded.
You block the swamp drake's attack.
You slice the swamp drake!! You burn the swamp drake.
You kill the swamp drake!
Okawaru accepts your kill.
The alligator is engulfed in noxious fumes.
The alligator appears confused.
The swamp drake breathes poison at you.
The noxious blast engulfs you but does no damage.
You resist. The swamp drake breathes poison at you.
The noxious blast engulfs you but does no damage.
You resist.
You barely miss the alligator.
The alligator is heavily wounded.
You hit the alligator. You burn the alligator.
The alligator is severely wounded.
The alligator bites you!! You block the alligator's attack.
You slash the alligator! You burn the alligator.
The alligator is almost dead.
The alligator barely misses itself.
The alligator tail-slaps itself but does no damage.
You slice the alligator!! You burn the alligator.
You kill the alligator!
Okawaru accepts your kill.
You hit the swamp drake. You burn the swamp drake.
You block the swamp drake's attack.
You slash the swamp drake! You burn the swamp drake.
The swamp drake is severely wounded.
You closely miss the swamp drake.
The swamp drake is severely wounded.
The swamp drake breathes poison at you.
The noxious blast engulfs you but does no damage.
You resist.
You closely miss the swamp drake.
The swamp drake is severely wounded.
You slash the swamp drake! You burn the swamp drake.
The swamp drake closely misses you. You block the swamp drake's attack.
You barely miss the swamp drake.
The swamp drake is heavily wounded.
You slash the swamp drake! You burn the swamp drake.
You kill the swamp drake!
Okawaru accepts your kill. The swamp drake barely misses you.
You slash the swamp drake! You burn the swamp drake.
You kill the swamp drake!
Okawaru accepts your kill.
You see here a swamp drake corpse.
There is a stone staircase leading up, spattered with blood here.
Things that are here:
a +0 quarterstaff; a +0 robe; a spriggan corpse A swamp worm comes into view.
Found 12 gold pieces.
Throw: 5 boomerangs
Press: ? - help, Q - select action, (/) - cycle Shift-Dir - straight line, f - swamp worm
Aim: a swamp worm (asleep, 98% to hit)
You throw a boomerang. The boomerang hits the swamp worm!!
The swamp worm is heavily wounded.
Throw: 5 boomerangs
Press: ? - help, Q - select action, (/) - cycle Shift-Dir - straight line, f - you Really target yourself?
Okay, then.
You enter the shallow water.
Moving in this stuff is going to be slow.
The swamp worm bites you! The swamp worm closely misses you.
You feel like a meek peon again. The swamp worm misses you.
You slice the swamp worm!! You burn the swamp worm!
You kill the swamp worm!
Okawaru accepts your kill. Okawaru grants you armour!
Something appears at your feet!
You see here the +2 hat of Divine Compulsion {god gift, +Blink Will+}.
You can't carry that many items.
You start removing your armour.
You continue taking off your +2 hat. x4
You finish taking off your +2 hat.
You drop a +2 hat.
K - the +2 hat of Divine Compulsion {god gift, +Blink Will+} You start putting on your armour.
You continue putting on the +2 hat of Divine Compulsion {god gift, +Blink Will+}. x4
You finish putting on the +2 hat of Divine Compulsion {god gift, +Blink Will+}.
You see here a swamp worm corpse.
You see here a swamp worm corpse.
You enter the shallow water.
Moving in this stuff is going to be slow.
You now have 890 gold pieces (gained 12).
You enter the shallow water.
Moving in this stuff is going to be slow.
You enter the shallow water.
Moving in this stuff is going to be slow.
A swamp worm comes into view.
The swamp worm fires a harpoon shot at you.
The harpoon shot hits you.
You are yanked forward by the harpoon shot.
Splash!
You fall into the shallow water.
Moving in this stuff is going to be slow.
The swamp worm bites you!
The swamp worm bites you but does no damage.
You block the swamp worm's attack.
The swamp worm bites you but does no damage.
The swamp worm barely misses you.
The swamp worm bites you but does no damage.
You slash the swamp worm! You burn the swamp worm.
The swamp worm is moderately wounded.
The swamp worm bites you!
You barely miss the swamp worm.
The swamp worm is moderately wounded.
You block the swamp worm's attack.
You barely miss the swamp worm.
The swamp worm is moderately wounded.
The swamp worm bites you but does no damage.
You slice the swamp worm!! You burn the swamp worm!
You kill the swamp worm!
Okawaru accepts your kill.
You enter the shallow water.
Moving in this stuff is going to be slow.
A bog body and a ghoul come into view.
You gain the combat prowess of a mighty hero.
Throw: 5 boomerangs
Press: ? - help, Q - select action, (/) - cycle Shift-Dir - straight line, f - ghoul
Aim: a ghoul (75% to hit)
You throw a boomerang. The boomerang hits the ghoul!!
The ghoul is lightly damaged.
Throw: 5 boomerangs
Press: ? - help, Q - select action, (/) - cycle Shift-Dir - straight line, f/p - ghoul
Aim: a ghoul (lightly damaged, 75% to hit)
You throw a boomerang. The boomerang barely misses the ghoul.
Throw: 5 boomerangs
Press: ? - help, Q - select action, (/) - cycle Shift-Dir - straight line, f/p - ghoul
Aim: a ghoul (lightly damaged, 75% to hit)
You throw a boomerang. The boomerang hits the ghoul.
The ghoul is lightly damaged.
Throw: 5 boomerangs
Press: ? - help, Q - select action, (/) - cycle Shift-Dir - straight line, f/p - ghoul
Aim: a ghoul (lightly damaged, 75% to hit)
You throw a boomerang. The boomerang hits the ghoul!!
The ghoul is moderately damaged.
Throw: 5 boomerangs
Press: ? - help, Q - select action, (/) - cycle Shift-Dir - straight line, f/p - ghoul
Aim: a ghoul (moderately damaged, 75% to hit)
You throw a boomerang. The boomerang hits the ghoul!
The ghoul is moderately damaged.
The bog body casts a spell at you. The bolt of cold hits you!!
Throw: 5 boomerangs
Press: ? - help, Q - select action, (/) - cycle Shift-Dir - straight line, f/p - ghoul
Aim: a ghoul (moderately damaged, 75% to hit)
You throw a boomerang. The boomerang hits the ghoul!
The ghoul is heavily damaged.
Throw: 5 boomerangs
Press: ? - help, Q - select action, (/) - cycle Shift-Dir - straight line, f/p - ghoul
Aim: a ghoul (heavily damaged, 75% to hit)
You throw a boomerang. The boomerang barely misses the ghoul.
You barely miss the ghoul.
The ghoul is heavily damaged.
You block the ghoul's attack. The ghoul misses you.
You closely miss the ghoul.
The ghoul is heavily damaged.
You barely miss the bog body. The bog body misses you.
You block the ghoul's attack. The ghoul claws you but does no damage.
You hit the ghoul. You burn the ghoul.
The ghoul is heavily damaged.
You closely miss the bog body. You block the bog body's attack.
The ghoul barely misses you. You block the ghoul's attack.
You slice the ghoul!! You burn the ghoul!
The ghoul is severely damaged.
You hit the bog body. You burn the bog body. The bog body misses you.
You slash the ghoul! You burn the ghoul.
The ghoul is severely damaged.
You slash the bog body! You burn the bog body. The ghoul claws you!
The ghoul claws you but does no damage.
You slash the ghoul! You burn the ghoul!
The ghoul is almost destroyed.
You hit the bog body. You burn the bog body. The bog body touches you!
The bog body freezes you!! The ghoul misses you. The ghoul claws you.
You barely miss the ghoul.
The ghoul is almost destroyed.
You hit the bog body. You burn the bog body. The bog body touches you.
* * * LOW HITPOINT WARNING * * *
The bog body freezes you!
* * * LOW HITPOINT WARNING * * *
You block the ghoul's attack. x2
You hit the ghoul. You burn the ghoul.
The ghoul is almost destroyed.
You slash the bog body!
You destroy the bog body!
Okawaru accepts your kill. The ghoul claws you but does no damage.
The ghoul completely misses you.
You barely miss the ghoul.
The ghoul is almost destroyed.
You hit the ghoul. You burn the ghoul.
The ghoul is almost destroyed.
The ghoul closely misses you. The ghoul claws you but does no damage.
You slice the ghoul!! You burn the ghoul.
You destroy the ghoul!
Okawaru accepts your kill.
You enter the shallow water.
Moving in this stuff is going to be slow.
You feel like a meek peon again.
A bloated husk comes into view.
Throw: 5 boomerangs
Press: ? - help, Q - select action, (/) - cycle Shift-Dir - straight line, f - bloated husk
Aim: a bloated husk (85% to hit)
You throw a boomerang. The boomerang hits the bloated husk.
The bloated husk is lightly damaged.
Throw: 5 boomerangs
Press: ? - help, Q - select action, (/) - cycle Shift-Dir - straight line, f/p - bloated husk
Aim: a bloated husk (lightly damaged, 85% to hit)
You throw a boomerang.
The boomerang completely misses the bloated husk.
Throw: 5 boomerangs
Press: ? - help, Q - select action, (/) - cycle Shift-Dir - straight line, f/p - bloated husk
Aim: a bloated husk (lightly damaged, 85% to hit)
You throw a boomerang. The boomerang hits the bloated husk!!
The bloated husk is severely damaged.
Throw: 5 boomerangs
Press: ? - help, Q - select action, (/) - cycle Shift-Dir - straight line, f/p - bloated husk
Aim: a bloated husk (severely damaged, 85% to hit)
You throw a boomerang. The boomerang hits the bloated husk.
The bloated husk is almost destroyed.
The bloated husk explodes!
The blast of putrescent gases engulfs you!!
* * * LOW HITPOINT WARNING * * *
You enter the shallow water.
Moving in this stuff is going to be slow.
You enter the shallow water.
Moving in this stuff is going to be slow.
Things that are here:
a +0 quarterstaff; a +0 robe; a spriggan corpse
There is a stone staircase leading up, spattered with blood here.
You enter the shallow water.
Moving in this stuff is going to be slow.
An eleionoma comes into view.
The eleionoma shouts!
You feel very buoyant.
You fly up into the air.
Throw: 4 boomerangs
Press: ? - help, Q - select action, (/) - cycle Shift-Dir - straight line, f - eleionoma
Aim: an eleionoma (73% to hit)
You throw a boomerang. The boomerang hits the eleionoma.
The eleionoma is lightly wounded.
You slice the eleionoma!! You burn the eleionoma.
The eleionoma is moderately wounded.
You slice the eleionoma!! You burn the eleionoma.
The eleionoma is heavily wounded.
The eleionoma splashes around in the water.
You slice the eleionoma!! You burn the eleionoma.
The eleionoma is almost dead.
You block the eleionoma's attack.
You slash the eleionoma! You burn the eleionoma.
The eleionoma is almost dead.
The eleionoma hits you but does no damage.
You closely miss the eleionoma.
The eleionoma is almost dead.
The eleionoma misses you.
You hit the eleionoma. You burn the eleionoma.
You kill the eleionoma!
Okawaru accepts your kill.
You hear a splash.
An eleionoma bone magically twists into a runed silver wand.
Your pack is full.
Things that are here:
a wand of acid (10); an eleionoma corpse You drop 15 poisoned darts.
You hear a splash.
Okay, then.
F - a wand of acid (10)
You see here an eleionoma corpse.
You see here 15 poisoned darts.
Found a purple potion.
A swamp worm comes into view.
The swamp worm fires a harpoon shot at you.
The harpoon shot hits you.
You are yanked forward by the harpoon shot.
You block the swamp worm's attack.
You closely miss the swamp worm. You block the swamp worm's attack.
You slash the swamp worm! You burn the swamp worm.
The swamp worm is heavily wounded.
The swamp worm bites you!
You barely miss the swamp worm.
The swamp worm is heavily wounded.
The swamp worm bites you.
You slash the swamp worm! You burn the swamp worm.
The swamp worm is severely wounded.
You block the swamp worm's attack.
You hit the swamp worm. You burn the swamp worm.
The swamp worm is severely wounded.
The swamp worm bites you but does no damage.
You hit the swamp worm. You burn the swamp worm.
The swamp worm is almost dead.
The swamp worm bites you but does no damage.
You closely miss the swamp worm.
The swamp worm is almost dead.
You block the swamp worm's attack.
You slice the swamp worm!! You burn the swamp worm.
You kill the swamp worm!
Okawaru accepts your kill.
C - 2 purple potions (gained 1)
You see here a swamp worm corpse.
You are starting to lose your buoyancy.
A spriggan rider comes into view.
It is wielding a +0 spear and quivering curare-tipped darts.
The spriggan rider shouts!
Throw: 4 boomerangs
Press: ? - help, Q - select action, (/) - cycle Shift-Dir - straight line, f - spriggan rider
Aim: a spriggan rider, wielding a +0 spear and quivering curare-tipped darts (53% to hit)
You throw a boomerang. The boomerang hits the spriggan rider.
The spriggan rider is lightly wounded.
The spriggan rider throws a curare-tipped dart.
The curare-tipped dart hits you.
You have difficulty breathing.
You feel yourself slow down.
A spriggan rider comes into view. It is wielding a +0 spear.
The spriggan rider moves out of view.
Okay, then.
You gain the combat prowess of a mighty hero.
The spriggan rider completely misses you.
Okay, then.
Okay, then.
The spriggan rider hits you from afar with a +0 spear!
* * * LOW HITPOINT WARNING * * *
The spriggan rider hits you but does no damage.
You block the spriggan rider's attack. x2
You slash the spriggan rider! You burn the spriggan rider.
The spriggan rider is moderately wounded.
You block the spriggan rider's attack.
The spriggan rider hits you but does no damage.
You completely miss the spriggan rider.
The spriggan rider is moderately wounded.
You block the spriggan rider's attack.
The spriggan rider hits you with a +0 spear!
* * * LOW HITPOINT WARNING * * *
The spriggan rider completely misses you.
You closely miss the spriggan rider.
The spriggan rider is moderately wounded.
You float gracefully downwards.
You block the spriggan rider's attack. x2
The spriggan rider hits you with a +0 spear!
* * * LOW HITPOINT WARNING * * *
Blink to where?
Press: ? - help, Dir - move target, p - spriggan rider
As you read the scroll of blinking, it crumbles to dust.
Magic restored.
You climb upwards.
There is a stone staircase leading down here.
You enter the shallow water.
Moving in this stuff is going to be slow.
You feel yourself speed up.
Found a club.
Found a potion of curing.
You enter the shallow water.
Moving in this stuff is going to be slow.
Found 17 gold pieces.
A swamp worm comes into view.
You enter the shallow water.
Moving in this stuff is going to be slow.
Found a purple potion.
Found 3 stones.
You enter the shallow water.
Moving in this stuff is going to be slow.
Found a stone staircase leading down.
A sourceless malevolence fills the Swamp...
With a horrendous wail, an alarm goes off!
A sentinel's mark forms upon you.
You hear a chilling moan.
You hear a deafening roar!
You hear a roar!
You hear a hideous shriek!
Okay, then.
C - 3 purple potions (gained 1)
A will-o-the-wisp comes into view.
There are no items here.
You enter the shallow water.
Moving in this stuff is going to be slow.
You feel like a meek peon again.
An alligator comes into view.
The alligator puts on a burst of speed!
You enter the shallow water.
Moving in this stuff is going to be slow.
The will-o-the-wisp gestures.
The will-o-the-wisp conjures some foxfire!
A seven-headed hydra comes into view. 2 foxfires come into view.
The foxfire hits you!
A bunyip comes into view.
The alligator completely misses you. The alligator misses you.
The alligator closely misses you. The alligator barely misses you.
The foxfire hits you!!
You gain the combat prowess of a mighty hero.
A spriggan rider comes into view. It is wielding a +0 spear.
You block the alligator's attack.
The alligator tail-slaps you but does no damage.
The will-o-the-wisp gestures.
The will-o-the-wisp conjures some foxfire!
A swamp dragon comes into view. 2 foxfires come into view.
You fail to use your ability.
The bunyip howls a warning cry!
The foxfire hits you!!
* * * LOW HITPOINT WARNING * * *
An alligator comes into view.
The alligator bites you!
* * * LOW HITPOINT WARNING * * *
The alligator tail-slaps you but does no damage.
The foxfire hits you!!
* * * LOW HITPOINT WARNING * * *
Okay, then.
Okay, then.
You feel yourself speed up.
The alligator puts on a burst of speed!
The alligator bites you!
* * * LOW HITPOINT WARNING * * *
The alligator tail-slaps you.
* * * LOW HITPOINT WARNING * * *
The will-o-the-wisp gestures.
The will-o-the-wisp conjures some foxfire! 2 foxfires come into view.
The alligator attacks as you move away! The alligator misses you.
You block the alligator's attack. The foxfire hits you!
* * * LOW HITPOINT WARNING * * *
The foxfire hits you!!
You die...

~~.~~~~~.....~~~~~§~~.♣♣♣ ♣♣.~.~~
~~..~~..~...~~§~~~~~~.♣ ♣♣...~~.
~~..§.♣~.~♣.~~~~~~~~~.♣♣♣♣~..♣†..
~~.~~♣♣♣♣♣♣♣~.~~~~~~~~.~~♣...♣♣~♣
~~~♣♣♣ ♣♣♣.~~~~.....~...~~..♣
...♣* ♣♣.~~~...>.~~~~.~~~. ...♣
~~ ♣.~~§♣♣♣~..~~~~~~~~ ♣♣♣♣*,
,,~,* ♣♣~.♣♣♣ ♣♣.~~~~~~~~~ ♣ *, ~
♣~.@♣ ♣§.~~~~~~~.~ ** ~ ♣..v♣♣♣
♣.~~~~~~~~~♣ ~ , ~ ~ ,
♣♣.t§~♣♣♣~.~~...§~.. ~ ~ ~ ~~
♣♣.w§§~.♣♣♣~~.~..... , ~ ~,
♣§.x~§~.♣ ♣~~.....♣♣ ♣♣..Div.♣
♣.....>~~♣ ~ ,,
♣♣♣t§~.♣♣♣♣.~~~..~~ *
♣~~~.§♣..~§~~~... ,
♣♣♣♣D~~~♣...~~~~~~..


You could see a bunyip, 2 alligators, a seven-headed hydra, a spriggan rider, a
will-o-the-wisp and a swamp worm.

Vanquished Creatures
  Jorgrun (Swamp:1)
  A ghoul (Swamp:4)
  3 eleionomae
  2 bunyips (Swamp:2)
  7 hydras
  A ghost crab (Swamp:3)
  Erica (D:8)
  8 alligators
  A two-headed ogre (D:9)
  2 goliath frogs (Swamp:3)
  A swamp dragon (Swamp:1)
  3 spriggan druids (Swamp:2)
  A lindwurm (Lair:5)
  3 bog bodies
  Pikel (D:9)
  A will-o-the-wisp (Swamp:3)
  6 elephants
  6 black mambas
  A guardian serpent (Snake:1)
  A naga mage (Snake:1)
  Joseph (D:8)
  9 cane toads
  A torpor snail (Lair:1)
  Maggie (Lair:1)
  Psyche (D:8)
  2 rime drakes
  6 komodo dragons
  4 tyrant leeches
  4 polar bears
  2 bloated husks
  A blink frog (Lair:5)
  Grinder (D:6)
  7 hornets
  A dream sheep (Lair:5)
  Sigmund (D:5)
  35 yaks
  5 spriggans
  4 wyverns
  2 basilisks
  Grum (D:8)
  2 steam dragons
  11 vampire mosquitoes
  Menkaure (D:5)
  9 swamp worms
  15 water moccasins
  2 orc warriors (D:9)
  2 ice beasts (D:6)
  2 sky beasts
  4 swamp drakes
  3 boggarts (Lair:5)
  A black bear (Lair:5)
  16 wolves
  2 phantoms (D:6)
  A lemure (D:9)
  3 kobold brigands
  11 bullfrogs
  A scorpion (D:4)
  10 wights
  13 killer bees (D:9)
  4 electric eels
  A howler monkey (D:5)
  3 hounds
  2 jellies
  4 orc priests
  A gnoll bouda (D:6)
  3 iguanas
  14 orc wizards
  6 gnolls
  7 adders
  5 river rats
  2 shadow imps
  An ufetubus (D:5)
  3 worms
  2 dart slugs
  33 orcs
  3 bats
  8 endoplasms
  A giant cockroach (D:1)
  7 goblins
  5 hobgoblins
  6 quokkas
  11 ball pythons
  3 frilled lizards
  24 kobolds
  32 rats
440 creatures vanquished.

Vanquished Creatures (others)
  A spriggan druid (Swamp:4)
  A bloated husk (Swamp:4)
  A wolf (D:8)
  An orc (D:8)
  A bush (D:8)
  15 foxfires (Swamp:3)
  30 fungi
  52 plants
  17 toadstools
  2 withered plants (D:6)
121 creatures vanquished.

Grand Total: 561 creatures vanquished

Notes
Turn   | Place    | Note
-------+----------+-------------------------------------------
     0 | D:1      | sleeves the Meteoran Gladiator began the quest for the Orb.
     0 | D:1      | Reached XP level 1. HP: 17/17 MP: 2/2
    40 | D:1      | Reached skill level 4 in Axes
    40 | D:1      | Reached XP level 2. HP: 21/24 MP: 3/3
   126 | D:1      | HP: 12/24 [poisoned by a goblin]
   129 | D:1      | HP: 5/24 [poisoned by a goblin]
   430 | D:1      | Reached XP level 3. HP: 29/29 MP: 4/4
   561 | D:2      | Reached skill level 5 in Axes
   782 | D:2      | Reached XP level 4. HP: 33/36 MP: 5/5
   816 | D:3      | Found a faded altar of an unknown god.
   956 | D:3      | Found an opulent altar of Gozag.
   989 | D:3      | Reached skill level 6 in Axes
   998 | D:3      | Reached XP level 5. HP: 36/41 MP: 6/6
  1008 | D:3      | HP: 19/41 [river rat (8)]
  1014 | D:3      | HP: 17/41 [river rat (1)]
  1054 | D:3      | HP: 17/41 [river rat (5)]
  1091 | D:3      | Found a glowing drain.
  1095 | Sewer    | Entered a sewer
  1256 | Sewer    | Reached skill level 7 in Axes
  1294 | Sewer    | Reached XP level 6. HP: 48/48 MP: 7/7
  1346 | Sewer    | HP: 21/48 [bullfrog (7)]
  1350 | Sewer    | Reached skill level 8 in Axes
  1352 | Sewer    | HP: 15/48 [bullfrog (5)]
  1357 | Sewer    | HP: 12/48 [bullfrog (2)]
  1363 | Sewer    | Reached XP level 7. HP: 10/55 MP: 8/8
  1694 | D:5      | Entered Level 5 of the Dungeon
  1880 | D:4      | HP: 27/55 [orc priest/divine providence (15)]
  1971 | D:4      | Found a sparkling altar of Nemelex Xobeh.
  2003 | D:4      | Reached skill level 9 in Axes
  2105 | D:4      | Found a bloodstained altar of Trog.
  2105 | D:4      | Found a basalt altar of Yredelemnul.
  2209 | D:4      | Reached skill level 1 in Armour
  2252 | D:4      | Found a staircase to the Ecumenical Temple.
  2261 | Temple   | Entered the Ecumenical Temple
  2328 | Temple   | Became a worshipper of Warmaster Okawaru
  2375 | D:5      | Reached skill level 4 in Dodging
  2402 | D:5      | Reached XP level 8. HP: 57/62 MP: 9/9
  2409 | D:5      | Noticed Menkaure
  2417 | D:5      | Killed Menkaure
  2418 | D:5      | Reached skill level 3 in Fighting
  2418 | D:5      | Reached skill level 2 in Armour
  2524 | D:5      | Noticed Grinder
  2528 | D:5      | Paralysed by Grinder for 3 turns
  2535 | D:5      | Paralysed by Grinder for 2 turns
  2545 | D:5      | Noticed Sigmund
  2641 | D:5      | Paralysed by Grinder for 4 turns
  2690 | D:6      | Reached * piety under Okawaru
  2693 | D:6      | Reached skill level 3 in Armour
  2742 | D:5      | Reached skill level 5 in Dodging
  2755 | D:5      | Reached skill level 4 in Fighting
  2910 | D:6      | Noticed a steam dragon
  2922 | D:6      | HP: 30/66 [something/ball of steam (15)]
  2942 | D:6      | Killed a steam dragon
  2943 | D:6      | Reached skill level 1 in Invocations
  2943 | D:6      | Gained mutation: You passively map the area around you.
                  | [Meteoran growth]
  2943 | D:6      | Reached XP level 9. HP: 57/72 MP: 10/10
  3054 | D:6      | Reached skill level 10 in Axes
  3054 | D:6      | Reached skill level 4 in Armour
  3097 | D:6      | Reached skill level 2 in Invocations
  3121 | D:6      | Reached ** piety under Okawaru
  3133 | D:6      | Found a runed translucent door.
  3134 | D:6      | Noticed Iamsock's ghost (novice GnWn)
  3156 | D:6      | Reached skill level 6 in Dodging
  3259 | D:6      | You fall into a shaft and drop 3 floors!
  3259 | D:9      | Found a broken altar of Ashenzari.
  3278 | D:9      | Reached skill level 3 in Invocations
  3281 | D:9      | Reached skill level 5 in Fighting
  3303 | D:9      | Reached skill level 5 in Armour
  3357 | D:8      | Noticed Grum
  3509 | D:9      | Reached skill level 4 in Invocations
  3529 | D:9      | Reached *** piety under Okawaru
  3533 | D:9      | Reached XP level 10. HP: 52/83 MP: 12/14
  3662 | D:9      | Noticed a two-headed ogre
  3698 | D:9      | HP: 40/83 [something/magic dart (6)]
  3813 | D:9      | HP: 39/83 [two-headed ogre/+0 giant club (3)]
  3816 | D:9      | Killed a two-headed ogre
  3817 | D:9      | Reached skill level 6 in Fighting
  3817 | D:9      | Reached skill level 3 in Throwing
  3817 | D:9      | Reached skill level 6 in Armour
  3817 | D:9      | Reached skill level 7 in Dodging
  3817 | D:9      | Reached skill level 5 in Invocations
  3850 | D:10     | Entered Level 10 of the Dungeon
  3903 | D:9      | Reached skill level 11 in Axes
  3944 | D:9      | Noticed a komodo dragon
  3965 | D:9      | HP: 40/84 [komodo dragon (15)]
  3967 | D:9      | Killed a komodo dragon
  3990 | D:8      | Noticed Psyche
  3990 | D:8      | Noticed Pikel
  4025 | D:9      | Paralysed by a hornet for 3 turns
  4035 | D:9      | HP: 42/84 [poisoned by a hornet]
  4036 | D:9      | Reached skill level 7 in Fighting
  4036 | D:9      | Reached skill level 4 in Throwing
  4046 | D:9      | HP: 42/86 [kobold brigand/+0 whip (1)]
  4091 | D:9      | Reached skill level 6 in Invocations
  4103 | D:9      | HP: 43/86 [killer bee (1)]
  4148 | D:8      | Noticed Joseph
  4155 | D:8      | HP: 41/86 [kobold/+0 club (3)]
  4272 | D:9      | Killed Pikel
  4273 | D:9      | Reached skill level 7 in Armour
  4294 | D:8      | Killed Psyche
  4294 | D:8      | Reached **** piety under Okawaru
  4295 | D:8      | Reached XP level 11. HP: 62/92 MP: 7/16
  4318 | D:8      | Reached skill level 5 in Throwing
  4513 | D:6      | Killed Grinder
  4658 | D:5      | Killed Sigmund
  4659 | D:5      | Reached skill level 7 in Invocations
  4824 | D:7      | Reached ***** piety under Okawaru
  4825 | D:7      | Reached skill level 8 in Fighting
  4827 | D:7      | HP: 43/94 [yak (12)]
  4830 | D:7      | Reached skill level 12 in Axes
  4830 | D:7      | Reached skill level 6 in Throwing
  4834 | D:7      | Reached skill level 8 in Armour
  4862 | D:7      | Found a glowing silver altar of Zin.
  4959 | D:7      | Found a shimmering blue altar of Sif Muna.
  5071 | D:8      | Reached skill level 8 in Invocations
  5079 | D:8      | Paralysed by a hornet for 1 turns
  5084 | D:8      | HP: 47/95 [poisoned by a hornet]
  5089 | D:8      | HP: 24/95 [poisoned by a hornet]
  5092 | D:8      | Paralysed by a hornet for 1 turns
  5094 | D:8      | HP: 32/95 [poisoned by a hornet]
  5095 | D:8      | Paralysed by a hornet for 1 turns
  5099 | D:8      | HP: 26/95 [poisoned by a hornet]
  5104 | D:8      | HP: 15/95 [poisoned by a hornet]
  5277 | D:8      | Found a staircase to the Lair.
  5347 | D:8      | Killed Joseph
  5406 | D:8      | Noticed Erica
  5425 | D:8      | Killed Erica
  5425 | D:8      | Received a gift from Okawaru
  5426 | D:8      | Reached skill level 7 in Throwing
  5426 | D:8      | Reached XP level 12. HP: 84/103 MP: 12/19
  5432 | D:8      | Killed Grum
  5454 | D:8      | Found a burning altar of Makhleb.
  5454 | D:8      | Found a hide-covered altar of Uskayaw.
  5509 | Lair:1   | Entered Level 1 of the Lair of Beasts
  5542 | Lair:1   | Reached skill level 9 in Armour
  5567 | Lair:1   | Reached skill level 9 in Fighting
  5584 | Lair:1   | Noticed hawkwood's ghost (journeyman MiAr)
  5586 | Lair:1   | Noticed a death yak
  5588 | Lair:1   | Found a transporter.
  5594 | Lair:1   | Noticed Maggie
  5606 | Lair:1   | Killed Maggie
  5626 | Lair:1   | Noticed a lindwurm
  5665 | Lair:1   | Reached skill level 9 in Invocations
  5706 | Lair:1   | Noticed a seven-headed hydra
  5709 | Lair:1   | Received a gift from Okawaru
  5714 | Lair:1   | HP: 49/104 [four-headed hydra (5)]
  5716 | Lair:1   | Reached skill level 13 in Axes
  5716 | Lair:1   | Reached skill level 8 in Throwing
  5716 | Lair:1   | Killed a three-headed hydra
  5723 | Lair:1   | HP: 38/105 [yak (4)]
  5863 | Lair:1   | Reached ****** piety under Okawaru
  5867 | Lair:2   | HP: 47/106 [cane toad (9)]
  5871 | Lair:1   | HP: 18/106 [cane toad (14)]
  5877 | Lair:1   | HP: 30/106 [poisoned by a cane toad]
  5883 | Lair:1   | Reached skill level 10 in Invocations
  5885 | Lair:1   | HP: 25/106 [wolf (4)]
  5935 | Lair:1   | Found a transporter.
  5997 | Lair:2   | Noticed a seven-headed hydra
  6002 | Lair:1   | HP: 53/106 [five-headed hydra (6)]
  6007 | Lair:1   | HP: 19/106 [three-headed hydra (9)]
  6008 | Lair:1   | Killed a two-headed hydra
  6009 | Lair:1   | Reached skill level 10 in Armour
  6009 | Lair:1   | Reached XP level 13. HP: 21/113 MP: 18/21
  6184 | Lair:2   | Reached skill level 10 in Fighting
  6209 | Lair:3   | Reached skill level 9 in Throwing
  6397 | Lair:2   | Found a staircase to the Snake Pit.
  6439 | Lair:1   | You fall into a shaft and drop 1 floor!
  6625 | Lair:2   | Reached skill level 1 in Shields
  6666 | Lair:2   | Found a blossoming altar of Fedhas.
  6691 | Lair:2   | Found a staircase to the Swamp.
  6698 | Swamp:1  | Entered Level 1 of the Swamp
  6762 | Swamp:1  | Noticed an eleionoma
  6774 | Swamp:1  | Killed an eleionoma
  6775 | Swamp:1  | Reached skill level 14 in Axes
  6775 | Swamp:1  | Reached skill level 2 in Shields
  6812 | Swamp:1  | Reached skill level 3 in Shields
  6821 | Swamp:1  | Reached skill level 10 in Throwing
  6828 | Swamp:1  | HP: 55/114 [hornet (6)]
  6833 | Swamp:1  | HP: 40/114 [poisoned by a hornet]
  6927 | Lair:3   | Received a gift from Okawaru
  6988 | Lair:3   | Reached skill level 4 in Shields
  6991 | Lair:4   | Noticed a seven-headed hydra
  7000 | Lair:4   | Killed a two-headed hydra
  7066 | Lair:3   | Reached skill level 5 in Shields
  7070 | Lair:3   | HP: 54/114 [cane toad (7)]
  7075 | Lair:3   | HP: 51/114 [poisoned by a cane toad]
  7080 | Lair:3   | Identified the ring of Copludd {rPois Dex+3}
  7080 | Lair:3   | HP: 51/114 [poisoned by a cane toad]
  7086 | Lair:3   | Identified the +5 great mace of Animal Spirits {freeze,
                  | rPois}
  7155 | Lair:4   | Received a gift from Okawaru
  7159 | Lair:4   | Reached skill level 11 in Throwing
  7160 | Lair:4   | Reached XP level 14. HP: 86/122 MP: 20/22
  7331 | Lair:4   | Received a gift from Okawaru
  7379 | Lair:4   | Reached skill level 15 in Axes
  7379 | Lair:4   | Reached skill level 6 in Shields
  7429 | Lair:4   | Found a viscous altar of Jiyva.
  7429 | Lair:4   | Found a staircase to the Slime Pits.
  7484 | Lair:5   | Entered Level 5 of the Lair of Beasts
  7554 | Lair:5   | Received a gift from Okawaru
  7727 | Lair:5   | Reached skill level 7 in Shields
  7873 | Snake:1  | Entered Level 1 of the Snake Pit
  7873 | Snake:1  | Found Hosi Nouneug's Antique Weapon Shop.
  7920 | Snake:1  | Found Noasa's Antique Armour Emporium.
  7922 | Snake:1  | Found Obykoce's Assorted Antiques.
  7926 | Snake:1  | Found Qotibut's Jewellery Emporium.
  7939 | Snake:1  | HP: 51/122 [naga warrior/+0 long sword (27)]
  7944 | Snake:1  | HP: 51/122 [poisoned by a naga mage (splash of poison)]
  8106 | Swamp:1  | Noticed Jorgrun
  8122 | Swamp:1  | Killed Jorgrun
  8123 | Swamp:1  | Reached skill level 12 in Throwing
  8153 | Swamp:1  | HP: 56/122 [tyrant leech (7)]
  8258 | Swamp:2  | Reached skill level 8 in Shields
  8263 | Swamp:1  | Noticed an eleionoma
  8284 | Swamp:2  | Noticed a bunyip
  8291 | Swamp:2  | Killed a bunyip
  8291 | Swamp:2  | Received a gift from Okawaru
  8343 | Swamp:2  | Received a gift from Okawaru
  8343 | Swamp:2  | Found the +3 warlock's mirror {god gift, reflect}
  8344 | Swamp:2  | Reached skill level 16 in Axes
  8414 | Swamp:3  | Reached skill level 9 in Shields
  8425 | Swamp:3  | HP: 58/122 [swamp worm (6)]
  8429 | Swamp:3  | Reached skill level 13 in Throwing
  8430 | Swamp:3  | HP: 53/122 [ghost crab (3)]
  8435 | Swamp:3  | HP: 38/122 [something (7)]
  8503 | Swamp:3  | HP: 61/122 [goliath frog (5)]
  8508 | Swamp:3  | HP: 55/122 [goliath frog (1)]
  8509 | Swamp:3  | HP: 23/122 [acid (7)]
  8518 | Swamp:3  | HP: 7/122 [goliath frog (18)]
  8518 | Swamp:3  | HP: 1/122 [acid (6)]
  8521 | Swamp:3  | Reached XP level 15. HP: 3/127 MP: 23/23
  8698 | Swamp:2  | Noticed a fenstrider witch
  8698 | Swamp:2  | Noticed a fenstrider witch
  8701 | Swamp:2  | Noticed a fenstrider witch
  8702 | Swamp:2  | HP: 54/127 [??? (51)]
  8707 | Swamp:2  | HP: 50/127 [poisoned by a fenstrider witch (toxic sludge)]
  8729 | Swamp:2  | HP: 52/127 [tyrant leech (25)]
  8743 | Swamp:2  | Reached skill level 10 in Shields
  8745 | Swamp:2  | HP: 35/127 [bunyip (19)]
  8890 | Swamp:3  | HP: 54/127 [eleionoma/spray of wooden splinters (14)]
  8892 | Swamp:3  | HP: 22/127 [eleionoma/spray of wooden splinters (32)]
  8900 | Swamp:2  | HP: 56/127 [swamp worm (9)]
  8965 | Swamp:3  | Reached skill level 14 in Throwing
  8971 | Swamp:3  | HP: 55/127 [tyrant leech (10)]
  9100 | Swamp:4  | Entered Level 4 of the Swamp
  9142 | Swamp:4  | Identified the +2 hat of Divine Compulsion {god gift,
                  | +Blink Will+} (Okawaru gifted it to you on level 4 of the
                  | Swamp)
  9142 | Swamp:4  | Received a gift from Okawaru
  9193 | Swamp:4  | Noticed a ghoul
  9210 | Swamp:4  | HP: 63/127 [bog body (1)]
  9214 | Swamp:4  | Killed a ghoul
  9236 | Swamp:4  | HP: 28/127 [spore (33)]
  9299 | Swamp:4  | HP: 58/127 [spriggan rider/+0 spear (15)]
  9344 | Swamp:3  | HP: 58/127 [will-o-the-wisp/foxfire (24)]
  9344 | Swamp:3  | HP: 27/127 [will-o-the-wisp/foxfire (18)]
  9345 | Swamp:3  | HP: 8/127 [alligator (6)]
  9347 | Swamp:3  | HP: 1/127 [will-o-the-wisp/foxfire (7)]
  9347 | Swamp:3  | Killed from afar by a will-o-the-wisp

Illustrated notes

Levels and vault maps discovered:
D:1:      minmay_arrival_wavy_path, layout_basic, minmay_door_square,
          minmay_hexomino_f4
D:2:      layout_loops_ring, serial_shops, nicolae_shop_behind_doors,
          serial_bayou_pond_b
D:3:      kennysheep_big_flooded_room, layout_loops_ring, lemuel_round_altar,
          grunt_dithmenos_smoke, serial_rivers, chequers_serial_rivers_marsh,
          chequers_serial_rivers_small_b, chequers_serial_rivers_small_b,
          chequers_serial_rivers_small_3, chequers_serial_rivers_micro_a,
          nicolae_ecumenical_lake_church, gup_sewer_entry_spiral
D:4:      layout_rooms, mainiacjoe_overflow_cross_hatched, jmf_multi_god_temple,
          minmay_temple_entry_metal_lava
D:5:      layout_cave_pools, minmay_gold_behind_fungi, uniq_grinder,
          uniq_sigmund, uniq_menkaure
D:6:      layout_cave_pools, gammafunk_ghost_grave, kennysheep_path_1,
          grunt_ministairs_15, kennysheep_generic_room_10
D:7:      layout_loops_ring, tgw_sif, mainiacjoe_overflow_surrounded_room
D:8:      layout_cave_pools, nicolae_overflow_two_pavilions,
          minmay_lair_entry_grove, uniq_erica, uniq_psyche, uniq_joseph,
          uniq_grum, uniq_pikel
D:9:      layout_basic, nicolae_ashenzari_skybound
D:10:     gammafunk_corrupted_shrine, layout_layer_cave,
          hangedman_abyss_or_decor_stagger
Temple:   hellmonk_temple_forest_ring
Lair:1:   layout_cave_pods, gammafunk_ghost_arena, grunt_megastairs_1,
          uniq_maggie
Lair:2:   layout_gridlike, minmay_swamp_entry_swarm, dummy_snake_entry,
          tgw_fedhas
Lair:3:   nzn_winding_woodlands_stair_trap
          [nzn_winding_woodlands_5x15_concentric,
          nzn_winding_woodlands_5x15_pathside_ponds,
          nzn_winding_woodlands_5x15_zeroes,
          nzn_winding_woodlands_15x15_thick_spiral,
          nzn_winding_woodlands_5x15_sidewinder,
          nzn_winding_woodlands_5x15_twine,
          nzn_winding_woodlands_5x15_lazy_stream], layout_chaotic_city
Lair:4:   layout_gridlike, dpeg_slime_entry_enclosed, serial_bayou_shore_b,
          infiniplex_staircase_pool_2, grunt_megastairs_4
Lair:5:   minmay_lair_end_enchanted_forest, layout_cave_pods
Swamp:1:  layout_basic_swamp, evilmike_swamp_ruin_house_1, swamp_pool2,
          hangedman_swamp_grove, uniq_jorgrun
Swamp:2:  layout_basic_swamp, evilmike_swamp_ruin_rubble_1, swamp_pool4,
          nzn_swamp_weyward_sisters
Swamp:3:  layout_basic_swamp, evilmike_swamp_ruin_house_2
Swamp:4:  swamp_basic_johnstein, layout_basic_swamp
Snake:1:  layout_misc_corridors, serial_shops, nicolae_shop_stone,
          nicolae_snake_gridmaze_zigzag, drop_trap, minmay_shop_star

Skill      XL: |  1  2  3  4  5  6  7  8  9 10 11 12 13 14 15 |
---------------+----------------------------------------------+-----
Axes           | 4 5 6 7 8 9 10 11 12 13 14 16 | 16.7
Armour         | 1 3 5 7 8 10 | 10.7
Dodging        | 4 5 6 7 |  7.0
Fighting       | 4 5 7 8 9 10 | 10.3
Invocations    | 1 4 6 8 10 | 10.1
Throwing       | 4 7 8 11 13 14 | 14.5
Shields        | 5 9 10 | 10.2

Action                   |  1- 3 |  4- 6 |  7- 9 | 10-12 | 13-15 || total
-------------------------+-------+-------+-------+-------+-------++-------
Melee: War axe           |   106 |   151 |   299 |   435 |       ||   991
       Punch             |       |     1 |     5 |    18 |     2 ||    26
       Broad axe         |       |       |       |    96 |   605 ||   701
Throw: Throwing net      |       |       |     4 |     2 |     1 ||     7
       Dart              |       |       |       |     9 |     1 ||    10
       Boomerang         |       |       |       |    19 |    84 ||   103
Invok: Heroism           |       |       |     3 |    12 |    15 ||    30
       Finesse           |       |       |       |     1 |     1 ||     2
Evoke: Wand              |       |       |     5 |     5 |     5 ||    15
  Use: Potion            |       |     1 |     1 |     5 |     4 ||    11
       Scroll            |       |       |       |    11 |    14 ||    25
 Stab: Held in net/web   |       |       |     3 |     1 |     3 ||     7
       Paralysed         |       |       |       |     5 |     1 ||     6
Armor: Leather armour    |    58 |    66 |    65 |       |       ||   189
       Scale mail        |       |       |    63 |     6 |       ||    69
       Chain mail        |       |       |       |   165 |       ||   165
       Steam dragon scal |       |       |       |    57 |   273 ||   330
Dodge: Dodged            |    94 |   144 |   255 |   392 |   350 ||  1235
Block: Kite shield       |       |       |       |       |   298 ||   298
